 Dungeon Crawl Stone Soup version 0.30.1-11-g7821555f0a (webtiles) character file.

Game seed: 3193171480489667238

144 Okkudo the Chopper (level 5, -1/47 HPs)
             Began as a Hill Orc Monk on Dec 4, 2023.
             Was a Believer of Beogh.
             Slain by a scorpion (4 damage)
             ... on level 3 of the Dungeon on Dec 5, 2023.
             The game lasted 00:07:33 (2166 turns).

Okkudo the Chopper (Hill Orc Monk)                  Turns: 2166, Time: 00:07:33

Health: -1/47      AC:  6    Str: 16    XL:     5   Next: 27%
Magic:  5/5        EV: 11    Int: 10    God:    Beogh [**....]
Gold:   97         SH:  0    Dex:  9    Spells: 4/4 levels left

rFire   . . .        a - +0 hand axe
rCold   . . .        d - orb {light}
rNeg    . . .        m - +3 leather armour of Gravitas {+Inv Regen+ Dex-4 Slay+5}
rPois   .            (no helmet)
rElec   .            (no cloak)
rCorr   .            (no gloves)
SInv    .            (no boots)
Will    .....        (no amulet)
Stlth   +            (no ring)
HPRegen 1.07/turn    (no ring)
MPRegen 0.09/turn

%: no passive effects
@: lethally poisoned (-1 -> -2), glowing
A: no striking features
a: Renounce Religion, Evoke Invisibility, Smiting


You were on level 3 of the Dungeon.
You worshipped Beogh.
Beogh was pleased with you.
You visited 1 branch of the dungeon, and saw 3 of its levels.

You collected 97 gold pieces.

Inventory:

Hand Weapons
 a - a +0 hand axe (weapon)
Missiles
 g - a throwing net (quivered)
Armour
 b - a +0 robe
 d - an orb of light (worn)
 m - the +3 leather armour of Gravitas (worn) {+Inv Regen+ Dex-4 Slay+5}
   (You found it on level 2 of the Dungeon)

   Dex:       It affects your dexterity (-4).
   Slay:      It affects your accuracy & damage with ranged weapons and melee
   (+5).
   +Inv:      It lets you turn invisible.
   Regen:     It increases your rate of health regeneration.
Scrolls
 e - a scroll of teleportation {unknown}
 i - a scroll of identify {unknown}
 j - a scroll of brand weapon {unknown}
 l - a scroll of magic mapping {unknown}
 n - a scroll of poison {unknown}
 p - a scroll of blinking {unknown}
Potions
 c - a potion of ambrosia
 f - 3 potions of lignification {unknown}
 h - a potion of haste {unknown}
 k - 3 potions of curing {unknown}
 o - 2 potions of degeneration {unknown}


   Skills:
 + Level 4.9 Fighting
 * Level 6.6 Axes
 - Level 2.4 Dodging


You had 4 spell levels left.
You didn't know any spells.
Your spell library contained the following spells:

 Spells                   Type           Power      Damage    Failure   Level
 Apportation              Tloc           0%         N/A       43%         1
 Ozocubu's Armour         Ice            0%         N/A       80%         3
 Olgreb's Toxic Radiance  Pois           0%         N/A       99%         4
 Petrify                  Tmut/Erth      0%         N/A       99%         4
 Alistair's Intoxication  Tmut/Pois      0%         N/A       100%        5
 Enfeeble                 Hex            0%         N/A       100%        7
 Ozocubu's Refrigeration  Ice            0%         4d7       100%        7
 Discord                  Hex            0%         N/A       100%        8
 Ignition                 Fire           0%         3d3       100%        8
 Necromutation            Tmut/Necr      0%         N/A       100%        8


Dungeon Overview and Level Annotations

Branches:
Dungeon (3/15)

Altars:

Shops:
D:2 *


Message History

The gnoll hits you but does no damage.
You hit the gnoll.
The gnoll is heavily wounded.
A dart slug comes into view.
The gnoll hits you with a +0 club. The gnoll closely misses you.
The scorpion closely misses you. The scorpion attacks as you move away!
The scorpion stings you.
You are poisoned.
The scorpion poisons you! The gnoll attacks as you move away!
The gnoll hits you with a +0 club.
You feel very sick.
The gnoll hits you from afar with a +0 spear.
The gnoll misses you. The gnoll attacks as you move away!
The gnoll hits you with a +0 halberd!
You feel sick. The gnoll hits you but does no damage.
The gnoll closely misses you.
You feel sick.
You feel sick. The scorpion stings you. The scorpion attacks as you move away!
The scorpion closely misses you.
You feel sick.
You feel sick.
Okay, then.
You completely miss the scorpion.
You feel sick. The scorpion stings you.
* * * LOW HITPOINT WARNING * * *
The gnoll misses you.
You feel sick.
You are no longer poisoned.
The scorpion stings you.
* * * LOW HITPOINT WARNING * * *
You are poisoned.
The scorpion poisons you!
You feel very sick.
You feel sick.
Things that are here:
a +0 hand axe; a +0 leather armour; an orc corpse The scorpion attacks as you move away!
The scorpion stings you.
* * * LOW HITPOINT WARNING * * *
You feel sick. The scorpion attacks as you move away! The scorpion stings you.
You die...

#...########.#
.......<....#
##..########.# # ...# #.#
#..# #.###.########.#
##... #..............#
..w.#######...#######.#
#.....#....#.##........
...#.#.####@#...###.###
##.#.#.# #s.)...##.#
######...w.>####g.)....#.#
............gg...........#
..##.#...#####.#.......#.#
##.## #.##......# # #.#
#.###...#.# #.# ####.#
##.##.#.##
#.###.##.####........


You could see a scorpion and a gnoll.

Vanquished Creatures
  Robin (D:3)
  4 gnolls (D:3)
  An adder (D:2)
  2 worms
  2 dart slugs (D:1)
  3 orcs (D:3)
  4 ball pythons
  8 endoplasms
  3 giant cockroaches
  12 goblins
  8 hobgoblins
  2 quokkas (D:1)
  3 bats
  5 frilled lizards
  4 kobolds
  7 rats (D:1)
69 creatures vanquished.

Vanquished Creatures (others)
  A goblin (D:3)
1 creature vanquished.

Grand Total: 70 creatures vanquished

Notes
Turn   | Place    | Note
-------+----------+-------------------------------------------
     0 | D:1      | Okkudo the Hill Orc Monk began the quest for the Orb.
     0 | D:1      | Reached XP level 1. HP: 19/19 MP: 1/1
    64 | D:1      | You fall into a shaft and drop 1 floor!
   211 | D:2      | Reached XP level 2. HP: 10/27 MP: 2/2
   257 | D:2      | Found Hadur's General Store.
   414 | D:1      | Reached skill level 5 in Axes
   414 | D:1      | Reached XP level 3. HP: 31/33 MP: 3/3
  1243 | D:2      | Got the Octavo of Vexatious Configuration
  1271 | D:2      | Reached XP level 4. HP: 41/41 MP: 4/4
  1524 | D:2      | Identified the +3 leather armour of Gravitas {+Inv Regen+
                  | Dex-4 Slay+5}
  1759 | D:3      | Noticed Robin
  1766 | D:3      | Killed Robin
  1777 | D:3      | Reached skill level 6 in Axes
  1871 | D:3      | Reached XP level 5. HP: 42/47 MP: 5/5
  1930 | D:3      | Became a worshipper of Beogh the Brigand
  1930 | D:3      | Reached * piety under Beogh
  1930 | D:3      | Reached ** piety under Beogh
  2166 | D:3      | Slain by a scorpion

Illustrated notes

Levels and vault maps discovered:
D:1:      dpeg_arrival_snail, layout_basic
D:2:      layout_loops_ring, serial_shops, shop, minivault_14,
          minmay_heptomino_o4
D:3:      layout_loops_ring, uniq_robin

Skill      XL: |  1  2  3  4 |
---------------+-------------+-----
Fighting       | 4 |  4.9
Axes           | 5 6 |  6.6
Dodging        | |  2.4

Action                     |  1- 3 |  4- 6 || total
---------------------------+-------+-------++-------
  Melee: Hand axe          |   116 |    48 ||   164
         Unarmed           |       |    14 ||    14
 Invoke: Convert to Beogh  |       |     1 ||     1
 Armour: Robe              |    22 |     1 ||    23
         Leather armour    |       |    11 ||    11
         Skin              |       |     2 ||     2
  Dodge: Dodged            |    97 |    29 ||   126
